 Dungeon Crawl Stone Soup version 0.25-a0-294-gea9b1ad378 (webtiles) character file.

Game seed: 5037803051600034978, levelgen mode: deterministic

5030 tilp the Carver (level 10, -3/76 HPs)
             Began as a Human Artificer on Dec 18, 2019.
             Was a High Priest of Okawaru.
             Slain by a yak (14 damage)
             ... on level 9 of the Dungeon on Dec 19, 2019.
             The game lasted 00:26:04 (9282 turns).

tilp the Carver (Human Artificer)                   Turns: 9282, Time: 00:26:05

Health: -3/76      AC: 12    Str: 15    XL:     10   Next: 85%
Magic:  13/13      EV: 13    Int: 11    God:    Okawaru [*****.]
Gold:   475        SH:  0    Dex: 15    Spells: 9/9 levels left

rFire    . . .     SeeInvis .   a - +2 long sword (holy)
rCold    + . .     Gourm    .   (no shield)
rNeg     . . .     Faith    .   E - +2 ring mail {rC+}
rPois    .         Spirit   .   R - +0 helmet
rElec    .         Reflect  .   (no cloak)
rCorr    .         Harm     .   p - +2 pair of gloves
MR       +....                  (no boots)
Stlth    ++........             q - amulet of the acrobat
HPRegen  0.22/turn              A - ring of protection from magic
MPRegen  0.13/turn              G - ring of stealth

@: about to teleport
A: no striking features
a: Heroism, Finesse, Renounce Religion


You were on level 9 of the Dungeon.
You worshipped Okawaru.
Okawaru was extremely pleased with you.
You were very hungry.

You visited 1 branch of the dungeon, and saw 11 of its levels.

You collected 531 gold pieces.
You spent 56 gold pieces at shops.

Inventory:

Hand Weapons
 a - a +2 long sword of holy wrath (weapon)
 L - a +6 antimagic scythe
 T - a +1 short sword of draining
Missiles
 n - 42 poisoned darts
 t - 3 boomerangs of dispersal
 z - a throwing net
 M - 10 boomerangs (quivered)
 Q - 11 atropa-tipped darts
Armour
 p - a +2 pair of gloves (worn)
 E - a +2 ring mail of cold resistance (worn)
 R - a +0 helmet (worn)
Magical Staves
 h - an uncursed staff of fire
Jewellery
 i - an uncursed ring of protection from magic
 q - an amulet of the acrobat (around neck)
 A - a ring of protection from magic (left hand)
 F - an uncursed amulet of guardian spirit
 G - a ring of stealth (right hand)
 I - an uncursed ring of ice
Wands
 e - a wand of random effects (13)
 f - a wand of flame (4)
 u - a wand of acid (5)
 N - a wand of iceblast (10)
Scrolls
 k - 3 scrolls of teleportation
 m - a scroll of random uselessness {unknown}
 s - a scroll of enchant armour {unknown}
 x - 2 scrolls of blinking
 y - a scroll of fog
 D - 2 scrolls of amnesia
 H - a scroll of fear
 J - 2 scrolls of enchant weapon
 K - 2 scrolls of remove curse
 O - 2 scrolls of identify
 P - a scroll of immolation {unknown}
 S - a scroll of vulnerability {unknown}
Potions
 g - 7 potions of heal wounds
 j - 2 potions of mutation
 l - 3 potions of might
 o - 2 potions of curing
 r - a potion of resistance {unknown}
 v - a potion of cancellation {unknown}
 w - 2 potions of lignification
 B - 2 potions of agility {unknown}
 C - 2 potions of brilliance {unknown}
Comestibles
 c - 13 rations


   Skills:
 - Level 6.0 Fighting
 - Level 1.0(7.8) Short Blades
 + Level 11.9(12.0) Long Blades
 - Level 4.2 Armour
 - Level 4.0 Dodging
 - Level 1.0 Stealth
 - Level 4.0 Invocations
 - Level 3.0 Evocations


You had 9 spell levels left.
You didn't know any spells.
Your spell library contained the following spells:

 Spells                   Type           Power        Failure   Level  Hunger
 Confusing Touch          Hex            #.....       54%         1    ##.....
 Confuse                  Hex            #.......     89%         3    ####...
 Gell's Gravitas          Tloc           #.........   89%         3    ####...
 Petrify                  Tmut/Erth      #.......     100%        4    #####..
 Bolt of Magma            Conj/Fire/Erth #.........   100%        5    ######.
 Iskenderun's Battlesphe  Conj/Chrm      #.......     100%        5    ######.
 Metabolic Englaciation   Hex/Ice        #.........   100%        5    ######.
 Yara's Violent Unravell  Hex/Tmut       #.........   100%        5    ######.
 Iron Shot                Conj/Erth      #.........   100%        6    #######
 Orb of Destruction       Conj           #.........   100%        7    #######
 Spellforged Servitor     Conj/Summ      #.........   100%        7    #######


Dungeon Overview and Level Annotations

Branches:
Dungeon (11/15)            Temple (0/1) D:7
   Lair: D:8-11         Orc: D:9-12

Altars:
Dithmenos
Kikubaaqudgha
Nemelex Xobeh
Okawaru
Vehumet
The Shining One

Shops:
D:4 !

Annotations:
D:3 Grinder
D:6 1 runed translucent door, ugly thing!, Crazy Yiuf


Message History

You don't have any such object.
Evoke which item? (* to show all) (? for menu, Esc to quit)
Okay, then.
Unknown command.
You feel sick.
You feel sick.
You are no longer poisoned.
The yak bellows!
There is a stone staircase leading up here.
The yak misses you.
You climb upwards.
Found 6 gold pieces.
There is a stone staircase leading down here.
You hit the yak.
The yak is lightly wounded.
The yak gores you!
* * * LOW HITPOINT WARNING * * *
As you read the scroll of teleportation, it crumbles to dust.
You feel strangely unstable. The yak gores you!
You die...

#..... #.....
##.....######
............#
............#
............#
............#
#@....#
#....Y...#
#........#
#........#
#........#
##....####
#..... #.....


You could see a yak.

Vanquished Creatures
  An ugly thing (D:7)
  A centaur zombie (D:10)
  The ghost of Borgoz the Cutter, a novice KoFi of Okawaru (D:5)
  A hippogriff (D:7)
  Sigmund (D:6)
  A yak (D:10)
  2 hungry ghosts
  3 black bears (D:7)
  2 sky beasts
  2 ice beasts (D:5)
  3 phantoms
  3 ogres
  4 centaurs
  A big kobold (D:7)
  A bullfrog (D:8)
  2 scorpions (D:6)
  4 crimson imps
  2 bullfrog zombies
  2 hounds
  2 jellies
  4 orc priests
  2 bullfrog skeletons
  3 centaur skeletons
  An iguana (D:3)
  4 worker ants
  4 orc wizards
  2 hound skeletons
  A howler monkey zombie (D:10)
  2 worker ant zombies
  A gnoll (D:1)
  5 adders
  3 shadow imps
  A white imp (D:4)
  An ooze (D:6)
  2 adder zombies
  2 worms
  4 dart slugs
  4 leopard geckos
  22 orcs
  A ball python (D:4)
  5 bats
  6 giant cockroaches
  9 goblins
  9 hobgoblins
  6 jackals
  4 quokkas
  7 frilled lizards
  A goblin skeleton (D:4)
  A goblin zombie (D:4)
  6 hobgoblin zombies (D:4)
  9 kobolds
  A leopard gecko skeleton (D:4)
  3 orc zombies (D:4)
  6 rats
181 creatures vanquished.

Vanquished Creatures (collateral kills)
  A goblin (D:2)
  3 kobolds (D:7)
4 creatures vanquished.

Vanquished Creatures (others)
  A hornet (D:6)
  A scorpion (D:5)
  A hound (D:6)
  3 orcs
  A hobgoblin (D:1)
7 creatures vanquished.

Grand Total: 192 creatures vanquished

Notes
Turn   | Place    | Note
-------+----------+-------------------------------------------
     0 | D:1      | tilp the Human Artificer began the quest for the Orb.
     0 | D:1      | Reached XP level 1. HP: 15/15 MP: 3/3
   104 | D:1      | Reached XP level 2. HP: 9/23 MP: 4/4
   637 | D:1      | Reached XP level 3. HP: 24/28 MP: 5/5
  1698 | D:2      | Reached XP level 4. HP: 31/35 MP: 6/6
  2135 | D:2      | Found an iron altar of Okawaru.
  2135 | D:2      | Found a radiant altar of Vehumet.
  2170 | D:2      | Became a worshipper of Warmaster Okawaru
  2432 | D:3      | Noticed Grinder
  2771 | D:3      | Reached XP level 5. HP: 23/42 MP: 7/7
  3069 | D:4      | Found Peptutuo's Distillery.
  3081 | D:4      | Bought a potion of degeneration for 14 gold pieces
  3081 | D:4      | Bought a potion of curing for 42 gold pieces
  3126 | D:4      | Noticed an ogre
  3166 | D:4      | Killed an ogre
  3166 | D:4      | Reached XP level 6. HP: 50/50 MP: 8/8
  3176 | D:4      | Reached skill level 5 in Fighting
  3458 | D:4      | Found a glowing golden altar of the Shining One.
  3746 | D:5      | Entered Level 5 of the Dungeon
  3807 | D:5      | Reached * piety under Okawaru
  3863 | D:5      | Noticed an ogre
  3887 | D:5      | Killed an ogre
  3887 | D:5      | Reached XP level 7. HP: 58/58 MP: 9/9
  3898 | D:5      | Found an iron altar of Okawaru.
  3918 | D:5      | Reached skill level 1 in Armour
  3918 | D:5      | Reached skill level 1 in Invocations
  4200 | D:5      | Found a runed translucent gate.
  4200 | D:5      | Found a runed translucent gate.
  4201 | D:5      | Found a runed translucent gate.
  4205 | D:5      | Noticed Borgoz's ghost (novice KoFi)
  4632 | D:5      | Killed Borgoz's ghost
  4632 | D:5      | Reached ** piety under Okawaru
  4632 | D:5      | Reached XP level 8. HP: 36/64 MP: 9/11
  5009 | D:6      | Noticed Sigmund
  5148 | D:6      | Reached skill level 2 in Long Blades
  5343 | D:6      | Found an ancient bone altar of Kikubaaqudgha.
  5438 | D:6      | Reached skill level 3 in Long Blades
  5453 | D:6      | Found a shadowy altar of Dithmenos.
  5478 | D:6      | Noticed a hornet
  5486 | D:6      | Paralysed by a hornet for 3 turns
  5488 | D:6      | Noticed a white ugly thing
  5816 | D:6      | Reached skill level 4 in Long Blades
  5966 | D:6      | Reached XP level 9. HP: 67/69 MP: 12/12
  6095 | D:6      | Found a runed translucent door.
  6096 | D:6      | Noticed Crazy Yiuf
  6307 | D:6      | Killed Sigmund
  6307 | D:6      | Reached skill level 5 in Long Blades
  6452 | D:7      | Reached skill level 6 in Long Blades
  6481 | D:7      | Reached *** piety under Okawaru
  6610 | D:7      | Reached skill level 7 in Long Blades
  6775 | D:7      | Found a sparkling altar of Nemelex Xobeh.
  7044 | D:7      | Noticed a hippogriff
  7078 | D:7      | Killed a hippogriff
  7078 | D:7      | Reached skill level 8 in Long Blades
  7949 | D:7      | Reached skill level 9 in Long Blades
  7997 | D:7      | Reached **** piety under Okawaru
  7997 | D:7      | Reached XP level 10. HP: 42/76 MP: 13/13
  8183 | D:7      | Found a staircase to the Ecumenical Temple.
  8191 | D:7      | Noticed a purple ugly thing
  8227 | D:7      | Killed a purple ugly thing
  8726 | D:8      | Reached skill level 10 in Long Blades
  8861 | D:8      | You fall into a shaft and drop 3 floors!
  8864 | D:10     | Entered Level 10 of the Dungeon
  9084 | D:10     | Reached skill level 11 in Long Blades
  9249 | D:10     | Reached ***** piety under Okawaru
  9282 | D:9      | Slain by a yak

Levels and vault maps discovered:
D:1:      sevenhm_arrival_forest_fort_large_4, layout_loops_ring,
          chequers_serial_rivers_room_b
D:2:      layout_loops_ring, gammafunk_temple_overflow_pools, first_ration,
          guppyfry_early_orc_mine
D:3:      layout_rooms, kennysheep_generic_room_5, uniq_grinder
D:4:      layout_loops_ring, nicolae_tso_besieged_by_evil, serial_shops, shop
D:5:      layout_basic, basic_altar, gammafunk_ghost_split, serial_rivers,
          chequers_serial_rivers_micro_b, chequers_serial_rivers_marsh,
          chequers_serial_rivers_marsh, chequers_serial_rivers_micro_e,
          chequers_serial_rivers_micro_a, minmay_misc_feat_ornament
D:6:      layout_loops_ring, grunt_dithmenos_smoke_and_mirrors,
          nicolae_overflow_crystal_walls, hex_medium, minmay_chambers_of_fives,
          uniq_crazy_yiuf_cottage, uniq_sigmund
D:7:      layout_layer_cave, nemelex_xobeh_ov_fountains_minmay,
          minmay_temple_entry_offerings
D:8:      layout_rooms
D:9:      layout_grid_maze, dpeg_oklobed_lair
D:10:     layout_rooms, hangedman_pestilent_swarm
D:11:     layout_roguey, cheibriados_altar_1

Skill      XL: |  1  2  3  4  5  6  7  8  9 10 |
---------------+-------------------------------+-----
Fighting       | 2 3 4 6 |  6.0
Dodging        | 3 4 |  4.0
Armour         | 3 4 |  4.2
Invocations    | 4 |  4.0
Long Blades    | 4 9 11 | 11.9
Short Blades   | |  1.0
Stealth        | |  1.0
Evocations     | |  3.0

Action                   |  1- 3 |  4- 6 |  7- 9 | 10-12 || total
-------------------------+-------+-------+-------+-------++-------
Melee: Short sword       |    23 |       |       |       ||    23
       Spear             |   126 |   154 |       |       ||   280
       Long sword        |       |    32 |   307 |   119 ||   458
Throw: Boomerang         |       |       |     4 |     2 ||     6
       Stone             |       |       |     2 |       ||     2
Evoke: Wand              |     5 |    18 |    12 |     6 ||    41
  Use: Scroll            |     1 |     1 |    10 |     4 ||    16
       Potion            |       |       |     3 |       ||     3
 Stab: Paralysed         |       |       |     7 |       ||     7
       Sleeping          |       |       |       |     1 ||     1
  Eat: Chunk             |     3 |     7 |    13 |     1 ||    24
       Ration            |       |       |     1 |     1 ||     2
Armor: Leather armour    |    27 |       |       |       ||    27
       Ring mail         |    22 |    61 |   157 |    40 ||   280
Dodge: Dodged            |    98 |    95 |   244 |    72 ||   509
       Rpst.: Long sword |       |     9 |    67 |    19 ||    95

Table legend:
 A = Non-vault XP
 B = Vault XP
 C = Vault XP percentage of total XP
 D = Non-vault monster count
 E = Vault monster count
 F = Vault count percentage of total count
                 A         B        C        D         E       F
            +---------+---------+-------+---------+---------+-------
      Total |    6503 |     684 |   9.5 |     160 |      26 |  14.0
            +---------+---------+-------+---------+---------+-------
        D:1 |      56 |       0 |   0.0 |      26 |       0 |   0.0
        D:2 |      36 |      11 |  23.4 |      18 |       6 |  25.0
        D:3 |      57 |       2 |   3.4 |      13 |       1 |   7.1
        D:4 |     292 |      21 |   6.7 |      11 |      12 |  52.2
        D:5 |     447 |     411 |  47.9 |      14 |       4 |  22.2
        D:6 |     724 |     239 |  24.8 |      19 |       3 |  13.6
        D:7 |    2181 |       0 |   0.0 |      34 |       0 |   0.0
        D:8 |     523 |       0 |   0.0 |      14 |       0 |   0.0
       D:10 |    2187 |       0 |   0.0 |      11 |       0 |   0.0
            +---------+---------+-------+---------+---------+-------
